 Dungeon Crawl Stone Soup version 0.21.1-35-gfefc1aa2bb (webtiles) character file.

2297 KamiKatze the Cleaver (level 9, -5/55 HPs)
             Began as a Tengu Berserker on July 31, 2018.
             Was an Elder of Trog.
             Slain by a hornet zombie (9 damage)
             ... on level 7 of the Dungeon.
             The game lasted 00:29:19 (6058 turns).

KamiKatze the Cleaver (Tengu Berserker)             Turns: 6058, Time: 00:29:20

Health: -5/55      AC: 10    Str: 22    XL:     9   Next: 40%
Magic:  0/10       EV: 11    Int:  7    God:    Trog [****..]
Gold:   338        SH:  0    Dex: 13    Spells: 8/8 levels left

rFire    . . .     SeeInvis .   a - +0 war axe
rCold    + . .     Gourm    .   (no shield)
rNeg     + . .     Faith    .   d - +0 chain mail
rPois    .         Spirit   +   (helmet restricted)
rElec    .         Reflect  .   (no cloak)
rCorr    .         Harm     .   (no gloves)
MR       .....                  (boots unavailable)
Stlth    ..........             r - amulet of guardian spirit
HPRegen  0.18/turn              f - ring of protection from cold
MPRegen  0.12/turn              p - ring of positive energy

@: no status effects
A: beak, talons 3, able to fly 1
a: Fly, Berserk, Trog's Hand, Brothers in Arms, Burn Spellbooks, Renounce
Religion


You were on level 7 of the Dungeon.
You worshipped Trog.
Trog was greatly pleased with you.
You were not hungry.

You visited 2 branches of the dungeon, and saw 8 of its levels.
You also visited: Sewer.

You collected 338 gold pieces.

Inventory:

Hand Weapons
 a - a +0 war axe (weapon)
 m - a +0 flail
 s - a +0 hand axe
 B - a +3 dire flail of draining
Missiles
 i - 110 stones (quivered)
 y - 5 tomahawks
Armour
 d - a +0 chain mail (worn)
Jewellery
 f - a ring of protection from cold (left hand)
 n - an uncursed amulet of the gourmand
 p - a ring of positive energy (right hand)
 r - an amulet of guardian spirit (around neck)
Wands
 l - a wand of iceblast (8)
Scrolls
 b - 2 scrolls of teleportation
 q - 2 scrolls of random uselessness {unknown}
 u - a scroll of amnesia {unknown}
 v - a scroll of enchant armour {unknown}
 x - a scroll of blinking {unknown}
 z - a scroll of torment {unknown}
 C - a scroll of remove curse {unknown}
 D - a scroll of immolation {unknown}
 E - 2 scrolls of magic mapping
 F - a scroll of fear {unknown}
Potions
 e - a potion of lignification
 g - 2 potions of invisibility
 h - a potion of haste {unknown}
 j - 2 potions of brilliance {unknown}
 k - a potion of heal wounds {unknown}
 o - 2 potions of curing
 t - a potion of degeneration {unknown}
 w - 3 potions of might
 A - a potion of berserk rage {unknown}
Comestibles
 c - 11 rations


   Skills:
 + Level 6.2 Fighting
 * Level 9.2 Axes
 + Level 6.2 Armour
 + Level 6.3 Dodging


You had 8 spell levels left.
You didn't know any spells.

Dungeon Overview and Level Annotations

Branches:
Dungeon (7/15)             Temple (1/1) D:5

Altars:
Ashenzari
Cheibriados
Dithmenos
Elyvilon
Gozag
Hepliaklqana
Kikubaaqudgha
Makhleb
Okawaru
Qazlal
Sif Muna
Trog
Uskayaw
Vehumet
Wu Jian
Zin
The Shining One

Annotations:
D:3 scrolls at zin altar


Innate Abilities, Weirdness & Mutations

You have a beak for a mouth.
You have claws for feet.
You can fly.


Message History

The hornet zombie hits you!
* * * LOW HITPOINT WARNING * * *
Things that are here:
a chunk of flesh; a howler monkey skeleton You closely miss the hornet zombie.
Your kick misses the hornet zombie.
The hornet zombie is severely damaged.
The hornet zombie hits you.
* * * LOW HITPOINT WARNING * * *
The hornet zombie barely misses you.
Unknown command.
You feel better. The hornet zombie hits you.
* * * LOW HITPOINT WARNING * * *
You slash the hornet zombie! Your peck misses the hornet zombie.
The hornet zombie is almost destroyed.
The hornet zombie hits you but does no damage.
You hit the hornet zombie.
You claw the hornet zombie, but do no damage.
The hornet zombie is almost destroyed.
The hornet zombie hits you!
You die...

.. .#. #> .. #.####
##.# #.#.. ...#
#.#.### ####..# #
#.#...# #.....#.####
##....# ##.#Z......$.
#..<..###....@.......
#.##..#....#.........
#..........#.........
#######....#.........
#....#.........
#..[.#.........
#....#######.##
#....# .# #....#


You could see a hornet zombie.

Vanquished Creatures
  Sigmund (D:2)
  A hungry ghost (D:7)
  Edmund (D:5)
  An orc warrior (D:4)
  An ice beast (D:6)
  3 ogres
  Blork the orc (D:6)
  4 bullfrogs
  A scorpion (D:6)
  4 howler monkeys
  A quasit (D:6)
  A bullfrog zombie (D:7)
  3 orc priests
  2 jellies
  A centaur skeleton (D:5)
  7 orc wizards
  Natasha (thrice) (D:3 D:4)
  2 iguanas (D:6)
  4 worker ants
  A river rat (D:4)
  5 adders
  11 oozes
  3 worms (D:4)
  2 dart slugs
  12 leopard geckos
  17 orcs
  9 ball pythons
  20 giant cockroaches
  6 goblins
  8 hobgoblins
  11 jackals
  2 quokkas
  9 bats
  19 frilled lizards
  17 kobolds
  8 rats
  2 plants (D:1)
204 creatures vanquished.

Vanquished Creatures (others)
  A leopard gecko skeleton (D:5)
1 creature vanquished.

Grand Total: 205 creatures vanquished

Notes
Turn   | Place    | Note
-------+----------+-------------------------------------------
     0 | D:1      | KamiKatze the Tengu Berserker began the quest for the Orb.
     0 | D:1      | Reached XP level 1. HP: 14/14 MP: 2/2
   141 | D:1      | Reached XP level 2. HP: 13/19 MP: 3/3
   482 | D:1      | Reached XP level 3. HP: 21/23 MP: 4/4
   583 | D:1      | Reached ** piety under Trog
   678 | D:1      | Reached skill level 4 in Axes
   919 | D:2      | Reached XP level 4. HP: 21/28 MP: 5/5
   920 | D:2      | Noticed Natasha
  1102 | D:2      | Noticed Sigmund
  1112 | D:2      | Killed Sigmund
  1112 | D:2      | Reached skill level 5 in Axes
  1112 | D:2      | Gained mutation: You can fly. [Tengu growth]
  1112 | D:2      | Reached XP level 5. HP: 25/33 MP: 6/6
  1112 | D:2      | Reached XP level 6. HP: 29/38 MP: 7/7
  1488 | D:2      | Found a shadowy altar of Dithmenos.
  1598 | D:2      | Found a glowing golden altar of the Shining One.
  1874 | D:3      | Killed Natasha
  2017 | D:3      | Reached *** piety under Trog
  2453 | D:3      | Found a glowing silver altar of Zin.
  2840 | D:4      | HP: 2/57 [orc/hand axe (2)]
  2936 | D:4      | Noticed Natasha
  2937 | D:4      | Noticed an orc warrior
  2945 | D:4      | Reached XP level 7. HP: 31/43 MP: 8/8
  2946 | D:4      | Killed Natasha
  2946 | D:4      | Reached skill level 6 in Axes
  3061 | D:4      | Found a glowing drain.
  3065 | Sewer    | Entered a sewer
  3350 | Sewer    | Reached **** piety under Trog
  3415 | Sewer    | Reached skill level 7 in Axes
  3415 | Sewer    | Reached XP level 8. HP: 36/48 MP: 5/9
  3415 | Sewer    | Received a gift from Trog
  3556 | D:4      | Noticed Natasha
  3569 | D:4      | Killed Natasha
  3569 | D:4      | Reached skill level 5 in Fighting
  4018 | D:5      | Entered Level 5 of the Dungeon
  4245 | D:5      | Found a staircase to the Ecumenical Temple.
  4254 | Temple   | Entered the Ecumenical Temple
  4367 | D:5      | Noticed Edmund
  4379 | D:5      | Killed Edmund
  4379 | D:5      | Reached skill level 5 in Armour
  4379 | D:5      | Reached skill level 5 in Dodging
  4783 | D:6      | Found a radiant altar of Vehumet.
  4787 | D:6      | Reached skill level 8 in Axes
  5041 | D:6      | Noticed Blork the orc
  5053 | D:6      | Killed Blork the orc
  5053 | D:6      | Reached XP level 9. HP: 41/55 MP: 6/10
  5942 | D:7      | Reached skill level 9 in Axes
  6055 | D:7      | HP: 1/55 [hornet zombie (2)]
  6058 | D:7      | Slain by a hornet zombie

Skill      XL: |  1  2  3  4  5  6  7  8  9 |
---------------+----------------------------+-----
Axes           | 4 5 7 8 9 |  9.2
Armour         | 3 4 5 6 |  6.2
Dodging        | 3 4 5 6 |  6.3
Fighting       | 4 5 6 |  6.2

Action                   |  1- 3 |  4- 6 |  7- 9 || total
-------------------------+-------+-------+-------++-------
Melee: Hand axe          |   136 |   128 |   130 ||   394
       Kick              |    50 |    26 |    79 ||   155
       Peck              |    32 |    13 |    57 ||   102
       War axe           |       |       |   127 ||   127
Throw: Stone             |     5 |     2 |       ||     7
Invok: Trog's Hand       |       |     6 |     4 ||    10
       Berserk           |       |     3 |     3 ||     6
 Abil: Fly               |       |       |     1 ||     1
  Use: Scroll            |       |     4 |     2 ||     6
       Potion            |       |     1 |     1 ||     2
  Eat: Chunk             |       |    20 |    12 ||    32
Armor: Animal skin       |     1 |       |       ||     1
       Ring mail         |    12 |    33 |    27 ||    72
       Skin              |       |    31 |       ||    31
       Chain mail        |       |       |    88 ||    88
Dodge: Dodged            |    34 |    84 |   136 ||   254
